Map: Prion Terraces

Players

Kermit

  • Race: Zerg Zerg
  • League: Platinum

Joneahboii - Winner!

  • Race: Zerg Zerg
  • League: Diamond

VOD

Have the link to the VOD?

Description

Time

  • Played on: Nov. 14, 2015, 9:34 p.m.
  • Length: 7:30
Show
View Real Time Build Order
Export as new Build Order

Kermit Zerg 

Build Orders: Hatch First, Zergling Baneling 

Get SALT Encoding   

  12  0:01  Drone  
  13  0:08  Drone  
  14  0:17  Overlord  
  14  0:25  Drone, Extractor  
  14  0:27  Extractor  
  13  0:29  Drone  
  16  0:36  Drone  
  17  0:54  Hatchery  
  17  0:57  Drone  
  17  1:01  Extractor  
  17  1:03  Drone  
  17  1:06  Drone  
  18  1:20  Spawning Pool  
  18  1:25  Drone  
  18  1:28  Drone  
  19  1:39  Overlord  
  19  1:49  Drone  
  20  2:04  Drone  
  20  2:06  Queen  
  20  2:07  Metabolic Boost  
  20  2:08  Queen  
  25  2:11  Zergling x2  
  26  2:16  Zergling x2  
  26  2:20  Drone  
  28  2:27  Drone  
  29  2:31  Drone  
  29  2:34  Baneling Nest  
  29  2:42  Drone x3  
  32  2:49  Overlord  
  32  2:53  Drone  
  32  3:05  Drone  
  32  3:06  Drone  
  32  3:11  Extractor  
  33  3:17  Spine Crawler  
  33  3:19  Zergling x6  
  35  3:20  Baneling  
  35  3:21  Baneling  
  35  3:22  Drone x3  
  35  3:23  Drone  
  35  3:24  Drone  
  40  3:30  Zergling x2  
  40  3:34  Overlord  
  41  3:40  Baneling x3  
  41  3:41  Baneling  
  41  3:44  Extractor  
  41  3:45  Extractor  
  41  3:47  Drone x3  
  42  3:49  Drone x2  
  42  3:50  Overlord  
  42  3:54  Drone x3  
  47  4:00  Drone  
  48  4:08  Overlord  
  48  4:09  Roach Warren  
  46  4:11  Zergling x2  
  46  4:14  Zergling x2  
  46  4:16  Baneling x2  
  48  4:19  Overlord x2  
  49  4:24  Zergling x4  
  49  4:28  Zergling x6  
  53  4:35  Zergling x4  
  55  4:39  Lair  
  55  4:52  Overlord  
  55  4:53  Zergling x12  
  55  4:59  Overlord  
  52  5:18  Zergling x2  
  52  5:19  Zergling x6  
  52  5:20  Baneling x8  
  54  5:24  Overlord  
  52  5:28  Zergling x2  
  52  5:29  Zergling x8  
  56  5:44  Baneling x4  
  56  5:52  Zergling x2  
  56  5:53  Zergling x8  
  60  6:00  Queen  
  60  6:01  Queen  
  60  6:02  Spore Crawler x2  
  54  6:04  Spore Crawler  
  54  6:06  Spore Crawler  
  47  6:18  Spore Crawler  
  46  6:19  Hydralisk Den  
  45  6:27  Drone  
  45  6:28  Drone x2  
  46  6:34  Drone x4, Spore Crawler  
  46  6:49  Queen x2  
  46  6:50  Hydralisk x3  
Show
View Real Time Build Order
Export as new Build Order

Joneahboii Zerg - Winner!

Build Orders: Hatch First 

Get SALT Encoding   

  12  0:01  Drone  
  13  0:12  Overlord  
  13  0:17  Drone  
  14  0:30  Drone x2  
  14  0:34  Drone  
  17  0:53  Hatchery  
  17  0:55  Drone  
  17  0:58  Drone  
  17  1:01  Extractor  
  17  1:13  Spawning Pool  
  16  1:19  Drone  
  16  1:21  Drone  
  18  1:28  Drone  
  19  1:38  Overlord  
  19  1:59  Drone  
  19  2:00  Queen  
  22  2:03  Metabolic Boost  
  22  2:05  Queen  
  22  2:06  Drone  
  25  2:08  Drone  
  25  2:13  Drone  
  27  2:16  Drone  
  29  2:22  Drone  
  29  2:28  Drone  
  30  2:30  Baneling Nest  
  30  2:32  Drone  
  30  2:38  Drone  
  30  2:43  Drone  
  32  2:49  Overlord  
  32  2:52  Extractor  
  32  2:54  Zergling x2  
  32  3:01  Drone  
  33  3:06  Lair  
  33  3:08  Drone  
  33  3:09  Drone x2  
  33  3:10  Drone  
  37  3:15  Drone x4  
  37  3:18  Drone  
  42  3:26  Overlord  
  42  3:27  Extractor  
  41  3:29  Extractor  
  40  3:40  Drone x3  
  43  3:52  Drone x2  
  47  3:55  Drone x2  
  47  3:58  Drone  
  47  3:59  Drone x2  
  50  4:06  Drone, Spire  
  51  4:10  Drone  
  51  4:16  Overlord  
  51  4:18  Drone  
  51  4:21  Overlord  
  51  4:24  Hatchery  
  51  4:28  Drone, Spine Crawler  
  51  4:31  Overlord  
  51  4:36  Baneling  
  51  4:37  Spine Crawler, Baneling  
  50  4:38  Zergling x6  
  50  4:43  Zergling x6  
  56  4:48  Zergling x6  
  56  4:50  Zergling x2  
  56  4:52  Zergling x2  
  61  4:54  Overlord  
  61  4:58  Zergling x4  
  63  5:04  Overlord  
  64  5:08  Overlord  
  64  5:11  Baneling x3  
  64  5:14  Zergling x2  
  64  5:21  Baneling x4  
  64  5:23  Mutalisk x6  
  64  5:28  Zerg Flyer Weapons Level 1  
  71  5:36  Overlord  
  71  5:38  Overlord  
  71  5:40  Zergling x2  
  71  5:41  Overlord  
  67  5:45  Zergling x2  
  67  5:46  Baneling  
  68  5:50  Baneling  
  68  5:56  Mutalisk x2  
  71  6:04  Overlord  
  71  6:05  Zergling x6  
  73  6:12  Mutalisk  
  73  6:13  Mutalisk x2  
  73  6:15  Zergling x2  
  80  6:22  Overlord  
  80  6:24  Spine Crawler x2  
  78  6:29  Hatchery  
  78  6:31  Mutalisk  
  79  6:38  Drone x3  
  82  6:43  Drone x4  
  82  6:45  Drone  
  87  6:47  Drone  
  87  6:51  Drone  
  89  6:55  Drone  
  89  6:57  Evolution Chamber  
  89  7:02  Overlord  
  89  7:08  Zergling x2  
Tags
 
Add a new tag
Caveats
  • Supply blocks, unpowered buildings, or Contaminate may cause inaccurate times.
  • Supply counts are checked every 10 seconds.